 Dungeon Crawl Stone Soup version 0.21.1-1-g345015f (webtiles) character file.

726 twistedcrescendo the Skirmisher (level 7, -6/66 HPs)
             Began as a Minotaur Berserker on June 18, 2018.
             Was a Priest of Trog.
             Mangled by a centaur (8 damage)
             ... on level 5 of the Dungeon.
             The game lasted 00:20:03 (2873 turns).

twistedcrescendo the Skirmisher (MiBe)              Turns: 2873, Time: 00:20:04

Health: -6/66      AC:  8    Str: 22    XL:     7   Next: 44%
Magic:  6/6        EV: 12    Int:  4    God:    Trog [***...]
Gold:   184        SH:  0    Dex: 11    Spells: 6/6 levels left

rFire    . . .     SeeInvis .   D - +4 quarterstaff (chaos)
rCold    . . .     Gourm    .   (shield currently unavailable)
rNeg     . . .     Faith    .   h - +1 ring mail {rPois}
rPois    +         Spirit   .   (helmet restricted)
rElec    .         Reflect  .   E - +0 cloak
rCorr    .         Harm     .   (no gloves)
MR       .....                  H - +0 pair of boots
Stlth    +.........             (no amulet)
HPRegen  0.21/turn              (no ring)
MPRegen  0.10/turn              (no ring)

@: no status effects
A: retaliatory headbutt, horns 2
a: Berserk, Trog's Hand, Burn Spellbooks, Renounce Religion


You were on level 5 of the Dungeon.
You worshipped Trog.
Trog was most pleased with you.
You were not hungry.

You visited 1 branch of the dungeon, and saw 5 of its levels.

You collected 184 gold pieces.

Inventory:

Hand Weapons
 a - a +0 mace
 p - a +0 flail
 q - a +2 whip of venom
 B - a +6 club
 D - a +4 quarterstaff of chaos (weapon)
Missiles
 i - 22 poisoned needles
 w - 3 poisoned javelins (quivered)
Armour
 b - a +0 animal skin
 e - a +0 leather armour
 h - a +1 ring mail of poison resistance (worn)
 j - a +0 plate armour
 C - a +1 animal skin
 E - a +0 cloak (worn)
 H - a +0 pair of boots (worn)
Jewellery
 g - a +6 ring of dexterity {unknown}
 o - a +2 amulet of reflection {unknown}
Wands
 z - a wand of iceblast (8)
 G - a wand of polymorph (5)
Scrolls
 d - a scroll of enchant weapon
 f - a scroll of immolation
 y - 2 scrolls of remove curse
 A - 2 scrolls of identify
Potions
 k - a potion of magic {unknown}
 m - a potion of heal wounds {unknown}
 n - 2 potions of degeneration {unknown}
 u - a potion of haste {unknown}
 v - a potion of curing {unknown}
 x - a potion of ambrosia {unknown}
 F - a potion of might {unknown}
 J - a potion of brilliance {unknown}
Comestibles
 c - 10 rations
 l - a chunk of flesh


   Skills:
 * Level 7.2 Fighting
 - Level 6.0(6.5) Maces & Flails
 * Level 3.7(5.4) Staves
 - Level 2.4 Armour
 + Level 4.4 Dodging


You had 6 spell levels left.
You didn't know any spells.

Dungeon Overview and Level Annotations

Branches:
Dungeon (5/15)             Temple (0/1) D:5

Altars:
Hepliaklqana


Innate Abilities, Weirdness & Mutations

You reflexively headbutt those who attack you in melee.
You have a pair of horns on your head.


Message History

A centaur comes into view.
The centaur shouts!
The centaur wields a shortbow.
The centaur shoots an arrow.
The arrow hits you.
You see here an arrow.
The centaur shoots an arrow.
The arrow hits you!
* * * LOW HITPOINT WARNING * * *
You see here an arrow.
The centaur shoots an arrow.
The arrow hits you!
* * * LOW HITPOINT WARNING * * *
The centaur shoots an arrow.
The arrow hits you.
* * * LOW HITPOINT WARNING * * *
You see here an arrow.
You barely miss the centaur.
The centaur unwields an uncursed shortbow.
The centaur closely misses you.
The centaur hits you but does no damage.
You sock the centaur!
The centaur is heavily wounded.
The centaur hits you!
You die...

**,*........#..# *,,
,,,*.##..#..#..# *******,*
**,*....,#.....# *,,,,,,,,
**,*###*,##.#.## *,*******
,,,,,,,,,...#.# *,*,,∩,,*
**,****#.####.# *,*,,,,,*
,,,,,,..,* #.# *,*,*,*,*
**,**########(##########*,*,*,*,*
*,,,,,........((@c......,,***,***
******#######.##########*,,,,,,,,
#..,,,,,,,,,,,,,,,,,,
#.#****************** ###


You could see a centaur.

Vanquished Creatures
  The ghost of tidbits the Charmwright, an amateur GnSk (D:5)
  A crimson imp (D:3)
  Crazy Yiuf (D:3)
  4 hounds
  A bullfrog skeleton (D:5)
  A gnoll shaman (D:2)
  Jessica (D:2)
  An iguana (D:4)
  2 hound skeletons (D:4)
  Robin (D:3)
  5 adders
  5 gnolls (D:2)
  An ooze (D:1)
  An adder skeleton (D:4)
  A worm (D:2)
  3 dart slugs
  4 leopard geckos
  An orc (D:3)
  2 ball pythons
  6 bats
  10 goblins
  5 hobgoblins
  12 jackals
  A quokka (D:2)
  6 frilled lizards
  8 kobolds
  9 rats
94 creatures vanquished.

Notes
Turn   | Place    | Note
-------+----------+-------------------------------------------
     0 | D:1      | twistedcrescendo the Minotaur Berserker began the quest for the Orb.
     0 | D:1      | Reached XP level 1. HP: 19/19 MP: 0/0
   132 | D:1      | Reached XP level 2. HP: 27/27 MP: 1/1
   133 | D:1      | Reached skill level 4 in Fighting
   640 | D:2      | Reached XP level 3. HP: 31/33 MP: 2/2
   647 | D:2      | Reached ** piety under Trog
   687 | D:2      | Found a hazy altar of Hepliaklqana.
   738 | D:2      | Noticed Jessica
   749 | D:2      | Killed Jessica
   749 | D:2      | Reached XP level 4. HP: 20/41 MP: 3/3
   974 | D:2      | Reached skill level 5 in Fighting
   974 | D:2      | Reached skill level 5 in Maces & Flails
   975 | D:2      | Reached XP level 5. HP: 20/48 MP: 4/4
  1562 | D:3      | Noticed Robin
  1572 | D:3      | Reached *** piety under Trog
  1574 | D:3      | Killed Robin
  1679 | D:3      | Reached XP level 6. HP: 54/57 MP: 5/5
  1731 | D:3      | Found a runed door.
  1735 | D:3      | Noticed Crazy Yiuf
  1749 | D:3      | Killed Crazy Yiuf
  2077 | D:4      | Reached skill level 6 in Fighting
  2228 | D:4      | Reached skill level 1 in Staves
  2794 | D:5      | Entered Level 5 of the Dungeon
  2804 | D:5      | Noticed tidbits's ghost (amateur GnSk)
  2816 | D:5      | Killed tidbits's ghost
  2816 | D:5      | Reached skill level 7 in Fighting
  2816 | D:5      | Reached XP level 7. HP: 22/66 MP: 6/6
  2870 | D:5      | HP: 1/66 [centaur/arrow (4)]
  2873 | D:5      | Mangled by a centaur

Skill      XL: |  1  2  3  4  5  6 |
---------------+-------------------+-----
Maces & Flails | 4 5 6 |  6.0
Fighting       | 4 5 7 |  7.2
Dodging        | 3 4 |  4.4
Staves         | 3 |  3.7
Armour         | |  2.4

Action                   |  1- 3 |  4- 6 |  7- 9 || total
-------------------------+-------+-------+-------++-------
Melee: Mace              |    48 |    27 |       ||    75
       Headbutt          |     9 |    20 |       ||    29
       Whip              |       |    72 |       ||    72
       Quarterstaff      |       |    36 |     6 ||    42
Invok: Berserk           |       |     1 |       ||     1
       Trog's Hand       |       |     1 |       ||     1
  Use: Scroll            |       |     8 |       ||     8
 Stab: Paralysed         |       |     1 |       ||     1
  Eat: Chunk             |       |     6 |       ||     6
       Ration            |       |     1 |       ||     1
Armor: Leather armour    |     8 |       |       ||     8
       Ring mail         |     6 |    31 |     1 ||    38
Dodge: Dodged            |    46 |    91 |     2 ||   139
